 Dungeon Crawl Stone Soup version 0.30-a0-557-ge2afbf3030 (webtiles) character file.

Game seed: 3486410921338427798

1 sokol815 the Sneak (level 1, -3/14 HPs)
             Began as a Kobold Delver on Dec 27, 2022.
             Killed by divine providence
             ... invoked by an orc priest
              (15 damage)
             ... on level 4 of the Dungeon.
             The game lasted 00:00:20 (86 turns).

sokol815 the Sneak (Kobold Delver)                    Turns: 86, Time: 00:00:21

Health: -3/14      AC:  3    Str:  9    XL:     1   Next: 22%
Magic:  1/1        EV: 14    Int: 11    God:
Gold:   9          SH:  0    Dex: 16    Spells: 0/0 levels left

rFire   . . .      SeeInvis .    a - +0 short sword
rCold   . . .      Faith    .    (no shield)
rNeg    . . .      Spirit   .    b - +0 leather armour
rPois   .          Reflect  .    (no helmet)
rElec   .          Harm     .    (no cloak)
rCorr   .          Rampage  .    (no gloves)
Will    .....                    (no boots)
Stlth   ++++                     (no amulet)
HPRegen 0.22/turn                (no ring)
MPRegen 0.07/turn                (no ring)

@: no status effects
A: small, no large weapons, nightstalker 3
a: no special abilities


You were on level 4 of the Dungeon.
You visited 1 branch of the dungeon, and saw 2 of its levels.

You collected 9 gold pieces.

Inventory:

Hand Weapons
 a - a +0 short sword (weapon)
Missiles
 s - 2 stones
Armour
 b - a +0 leather armour (worn)
Wands
 d - a wand of digging (3)
Scrolls
 c - a scroll of fog
 E - a scroll of fear
 X - a scroll of magic mapping {@r4!r}
Potions
 H - a potion of haste


   Skills:
 - Level 3.2 Fighting
 + Level 2.9 Short Blades
 - Level 2.4 Dodging
 - Level 6.6 Stealth


You couldn't memorise any spells.
You didn't know any spells.
Your spell library was empty.

Dungeon Overview and Level Annotations

Branches:
Dungeon (5/15) Zot: 11914
 Temple: D:4-7

Altars:


Innate Abilities, Weirdness & Mutations

You are small and have problems with some larger weapons.
You are completely attuned to the shadows.


Message History

Bad channel name for runrest: 'Jiyva says: Divide and consume' Welcome, sokol815 the Kobold Delver.
Below lies the Orb of Zot, rumoured to be powerful enough to resurrect a god...
Found 9 gold pieces.
Found a stone staircase leading down.
You now have 9 gold pieces.
There is a stone staircase leading down here.
Found an escape hatch in the ceiling.
There is an escape hatch in the ceiling here.
A mysterious force pulls you upwards. The hatch slams shut behind you.
The kobold shouts!
You hear a shout! x2
The kobold throws a stone.
The stone completely misses you.
You start waiting.
A kobold is nearby!
You hit the kobold. You hit the kobold.
You kill the kobold!
No target in view!
s - 2 stones (quivered)
Things that are here:
a +0 dagger; a kobold corpse Clearing quiver.
You see here a +0 ring mail.
An orc and an orc wizard come into view.
An orc priest comes into view. It is wielding a +0 short sword.
The orc priest moves out of view.
You see here a +0 ring mail.
You barely miss the orc wizard.
The orc wizard shouts!
You hear a shout!
The orc wizard hits you with a +0 dagger.
You take 2 damage, and have 12/14 hp.
You closely miss the orc wizard. The orc wizard misses you.
You closely miss the orc wizard.
The orc wizard hits you but does no damage.
You closely miss the orc wizard.
The orc priest calls down the wrath of Beogh upon you.
Beogh smites you!
Ouch! That really hurt!
You die...

#.....# #.###.#
#.# #.# #.# #.#
#.# #.# #.# #.#
#.# #.#
#####.###.####
o.oo@.........
#####.###.####
####.# #.#
.....###.#
.......#......#
.......##.###.#
.......##.#
.......##.#
.......##.#


You could see an orc priest, an orc wizard and an orc.

Vanquished Creatures
  A kobold (D:4)
1 creature vanquished.

Notes
Turn   | Place    | Note
-------+----------+-------------------------------------------
     0 | D:5      | sokol815 the Kobold Delver began the quest for the Orb.
     0 | D:5      | Reached XP level 1. HP: 14/14 MP: 1/1
    81 | D:4      | Noticed an orc wizard
    82 | D:4      | Noticed an orc priest
    86 | D:4      | Killed from afar by an orc priest

Illustrated notes

Levels and vault maps discovered:
D:4:      layout_basic, temple_doors_cd, ebering_ghost_rock_garden,
          dk_vineyard_1, kennysheep_generic_room_9, uniq_pargi, uniq_eustachio
D:5:      layout_loops_ring, nemelex_dance_club_becter

Action                   || total
-------------------------++-------
Melee: Short sword       ||     6
Armor: Leather armour    ||     1
Dodge: Dodged            ||     2

Table legend: (Time is in decaauts)
 A = Elapsed time spent in this place.
 B = Non-inter-level travel time spent in this place.
 C = Inter-level travel time spent in this place.
 D = Time resting spent in this place.
 E = Time spent auto-exploring this place.
 F = Levels seen in this place.
 G = Mean time per level.
                   A        B        C        D        E       F      G
               +--------+--------+--------+--------+--------+-----+--------+
         Total |     85 |     85 |      0 |      2 |     62 |   2 |   42.5 |
       Dungeon |     85 |     85 |      0 |      2 |     62 |   2 |   42.5 |
               +--------+--------+--------+--------+--------+-----+--------+

Top non-repeatable levels by time:
     D:4: 56 daAuts
     D:5: 29 daAuts

Table legend:
 A = Kills in this place as a percentage of kills in entire the game.
 B = Kills by you in this place as a percentage of kills by you in the entire game.
 C = Kills by friends in this place as a percentage of kills by friends in the entire game.
 D = Other kills in this place as a percentage of other kills in the entire game.
 E = Experience gained in this place as a percentage of experience gained in the entire game.
 F = Experience gained in this place divided by the number of levels of this place that you have seen.
                   A       B       C       D       E      F
               +-------+-------+-------+-------+-------+----------------------
         Total | 100.0 | 100.0 |   N/A |   N/A | 100.0 |   1.0
       Dungeon | 100.0 | 100.0 |   N/A |   N/A | 100.0 |   1.0
               +-------+-------+-------+-------+-------+----------------------
